 Dungeon Crawl Stone Soup version 0.27.0-66-gdc8fb28755 (webtiles) character file.

Game seed: 12078343173050833198

151 rel the Cutter (level 5, 0/33 HPs)
             Began as a Kobold Berserker on Aug 20, 2021.
             Was a Believer of Trog.
             Slain by a scorpion (6 damage)
             ... on level 3 of the Dungeon.
             The game lasted 00:08:24 (3216 turns).

rel the Cutter (Kobold Berserker)                   Turns: 3216, Time: 00:08:24

Health: 0/33       AC:  6    Str: 15    XL:     5   Next: 59%
Magic:  14/14      EV: 12    Int:  8    God:    Trog [**....]
Gold:   90         SH:  8    Dex: 15    Spells: 4/4 levels left

rFire    . . .     SeeInvis .   (weapon restricted)
rCold    . . .     Faith    .   b - +0 kite shield
rNeg     . . .     Spirit   .   o - +2 robe {Will+}
rPois    .         Reflect  .   (no helmet)
rElec    .         Harm     .   (no cloak)
rCorr    .         Rampage  .   j - +1 pair of gloves
Will     +....                  (no boots)
Stlth    +++.......             (no amulet)
HPRegen  0.11/turn              d - ring of magical power
MPRegen  0.14/turn              (no ring)

@: lethally poisoned (0 -> -7)
A: small, no large weapons, nightstalker 3
a: Renounce Religion, Berserk, Trog's Hand


You were on level 3 of the Dungeon.
You worshipped Trog.
Trog was pleased with you.
You visited 1 branch of the dungeon, and saw 3 of its levels.

You collected 90 gold pieces.

Inventory:

Missiles
 l - 2 throwing nets (quivered)
Armour
 b - a +0 kite shield (worn)
 e - a +0 leather armour
 j - a +1 pair of gloves (worn)
 o - a +2 robe of willpower (worn)
Jewellery
 d - a ring of magical power (left hand)
Wands
 n - a wand of polymorph (8)
Scrolls
 c - a scroll of amnesia {unknown}
 g - a scroll of identify
 h - a scroll of summoning {unknown}
 i - 2 scrolls of teleportation {unknown}
 k - a scroll of enchant armour {unknown}
Potions
 m - a potion of ambrosia


   Skills:
 + Level 3.8 Fighting
 + Level 5.3 Short Blades
 + Level 2.0 Armour
 + Level 3.0 Dodging
 + Level 2.4 Stealth
 + Level 1.5 Shields


You had 4 spell levels left.
You didn't know any spells.
Your spell library was empty.

Dungeon Overview and Level Annotations

Branches:
Dungeon (3/15)

Altars:

Annotations:
D:3 2 transporters


Innate Abilities, Weirdness & Mutations

You are small and have problems with some larger weapons.
You are completely attuned to the shadows.


Message History

You feel sick. The scorpion misses you.
You bump into the rock wall.
You feel sick. The scorpion stings you.
You are more poisoned.
The scorpion poisons you!
You are too confused!
You bump into the rock wall.
You feel very sick. The scorpion stings you. The scorpion barely misses you.
You feel sick.
You completely miss the scorpion.
You feel sick.
The scorpion stings you but does no damage.
You hit the scorpion but do no damage.
You feel sick. The scorpion stings you.
You are more poisoned.
The scorpion poisons you!
The scorpion stings you but does no damage.
You feel very sick.
You feel less invigorated.
You feel less confused.
You feel very sick.
You closely miss the scorpion.
You feel very sick. You block the scorpion's attack.
The scorpion barely misses you.
You closely miss the scorpion.
You feel sick. You block the scorpion's attack. The scorpion stings you.
You hit the scorpion but do no damage.
You feel sick.
The scorpion stings you but does no damage.
You closely miss the scorpion.
You feel sick. You block the scorpion's attack.
It was a potion of cancellation.
You feel magically purged.
You feel sick. The scorpion completely misses you. The scorpion stings you.
You hit the scorpion but do no damage.
You feel sick.
You are no longer poisoned.
The scorpion stings you.
* * * LOW HITPOINT WARNING * * *
You are lethally poisoned!
The scorpion poisons you!
You barely miss the scorpion.
* * * LOW HITPOINT WARNING * * *
You feel very sick. The scorpion stings you.
You die...

#.#!....#.#.......#.###.#..#.###.
#.#.#####.#.#..............#...#.
#.#'#...#...#....###.##.#.####.#.
#.......#####..................#.
#..............#.....#......)###.
#......#######..######.......# #.
#...†..# ##...#..........###.
#.###### #...#.............. #.#
#.@<#.[....###.#### #.#
##.s##......# #.# ..#
#..........## #.# #....## ... ..#
#.....# #...#.# #...#.# #...#


You could see a scorpion.

Vanquished Creatures
  A centaur zombie (D:3)
  Jessica (D:3)
  Terence (D:3)
  2 adders
  A shadow imp (D:3)
  5 endoplasms
  A giant cockroach (D:1)
  4 goblins
  5 hobgoblins
  3 quokkas (D:1)
  3 ball pythons
  6 bats
  4 frilled lizards
  4 kobolds
  5 rats
46 creatures vanquished.

Notes
Turn   | Place    | Note
-------+----------+-------------------------------------------
     0 | D:1      | rel the Kobold Berserker began the quest for the Orb.
     0 | D:1      | Reached XP level 1. HP: 14/14 MP: 1/1
   264 | D:1      | Reached XP level 2. HP: 19/19 MP: 2/2
   851 | D:1      | Found a faded altar of an unknown god.
  1281 | D:1      | Reached XP level 3. HP: 24/24 MP: 3/3
  2162 | D:2      | Reached skill level 1 in Stealth
  2493 | D:2      | Reached XP level 4. HP: 29/29 MP: 4/4
  2513 | D:3      | Found a transporter.
  2627 | D:3      | Found a transporter.
  2631 | D:3      | Reached skill level 5 in Short Blades
  2652 | D:3      | Reached ** piety under Trog
  2782 | D:3      | Reached XP level 5. HP: 16/33 MP: 5/5
  2958 | D:3      | Noticed Jessica
  2964 | D:3      | Killed Jessica
  2965 | D:3      | Reached skill level 1 in Shields
  3019 | D:3      | Noticed Terence
  3040 | D:3      | Killed Terence
  3216 | D:3      | Slain by a scorpion

Illustrated notes

Levels and vault maps discovered:
D:1:      wheals_arrival_linesprint, layout_loops_ring,
          chequers_ecumenical_altar_island
D:2:      layout_basic
D:3:      gammafunk_steamed_eel, layout_basic, uniq_jessica, uniq_terence

Skill      XL: |  1  2  3  4  5 |
---------------+----------------+-----
Stealth        | 1 2 |  2.4
Short Blades   | 5 |  5.3
Armour         | 2 |  2.0
Dodging        | 3 |  3.0
Shields        | 1 |  1.5
Fighting       | |  3.8

Action                   |  1- 3 |  4- 6 || total
-------------------------+-------+-------++-------
Melee: Short sword       |   109 |    38 ||   147
       Unarmed           |       |    46 ||    46
Throw: Throwing net      |       |     2 ||     2
Invok: Berserk           |     2 |     1 ||     3
  Use: Scroll            |       |     1 ||     1
       Potion            |       |     2 ||     2
 Stab: Sleeping          |    10 |     3 ||    13
Armor: Leather armour    |    39 |    17 ||    56
       Robe              |       |    17 ||    17
Dodge: Dodged            |    50 |    54 ||   104
Block: Kite shield       |    40 |    47 ||    87
